NYP
MINNESOTA (NYP) TWINS @ IDAHO FALLS CHUKARS
04/21/2048
 
TOP OF THE 1ST
Minnesota (NYP) Twins batting - Pitching for Idaho Falls Chukars : RHP Tristan Jones
Pitching: RHP Tristan Jones
Batting: LHB Ryuuichi Shintani 0-0: Called Strike
0-1: Ball
1-1: Ground out 6-3 (Groundball, 6, EV 105.6 MPH)
Batting: RHB Josh Harmon 0-0: Ball
1-0: Called Strike
1-1: Foul Ball, location: 2F
1-2: Ball
2-2: Strikes out swinging
Batting: RHB Kevin Harris 0-0: Called Strike
0-1: Fly out, F9 (Flyball, 9D, EV 93.1 MPH)
Top of the 1st over - 0 runs, 0 hits, 0 errors, 0 left on base; Minnesota (NYP) 0 - Idaho Falls 0
BOTTOM OF THE 1ST
Idaho Falls Chukars batting - Pitching for Minnesota (NYP) Twins : RHP Glen Dutton
Pitching: RHP Glen Dutton
Batting: RHB Yi-lin Niu 0-0: Ball
1-0: Called Strike
1-1: Foul Ball, location: 2F
1-2: Foul Ball, location: 2F
1-2: Ground out 5-3 (Groundball, 5, EV 82.5 MPH)
Batting: LHB Edgar Ortiz 0-0: SINGLE (Line Drive, 6MD, EV 107.5 MPH)
Batting: RHB Kevin Roseen 0-0: Ball
1-0: Ball
2-0: Ball
3-0: Called Strike
3-1: Foul Ball, location: 2F
3-2: Grounds into double play, 6-4-3 (Groundball, 6, EV 92.5 MPH)
Bottom of the 1st over - 0 runs, 1 hit, 0 errors, 0 left on base; Minnesota (NYP) 0 - Idaho Falls 0
TOP OF THE 2ND
Minnesota (NYP) Twins batting - Pitching for Idaho Falls Chukars : RHP Tristan Jones
Batting: LHB Diego Gutierres 0-0: Swinging Strike
0-1: Ball
1-1: Foul Ball, location: 2F
1-2: Ball
2-2: Strikes out swinging
Batting: RHB Sergio Gomez 0-0: Ball
1-0: Ball
2-0: Ball
3-0: Base on Balls
Batting: RHB Dave Berry 0-0: Called Strike
0-1: Called Strike
0-2: Strikes out swinging
Batting: RHB Antonio Santos 0-0: Ball
1-0: Called Strike
1-1: Called Strike
Balk!
Sergio Gomez to second
1-2: Ball
2-2: Foul Ball, location: 2F
2-2: Ball
3-2: Base on Balls
Batting: LHB Ben Roth 0-0: Ball
1-0: Swinging Strike
1-1: Foul Ball, location: 2F
1-2: Ball
2-2: Strikes out swinging
Top of the 2nd over - 0 runs, 0 hits, 0 errors, 2 left on base; Minnesota (NYP) 0 - Idaho Falls 0
BOTTOM OF THE 2ND
Idaho Falls Chukars batting - Pitching for Minnesota (NYP) Twins : RHP Glen Dutton
Batting: RHB Jesus Malave 0-0: Ball
1-0: Ground out 3-1 (Groundball, 34S, EV 85.0 MPH)
Batting: RHB Phil Hamby 0-0: Called Strike
0-1: Ball
1-1: Ball
2-1: Foul Ball, location: 2F
2-2: Strikes out looking
Batting: RHB William Lung 0-0: Foul Ball, location: 2F
0-1: Ball
1-1: Hit by Pitch
Batting: RHB Pat McCoy 0-0: Called Strike
0-1: Fielders Choice at 2nd, 5-4 (Groundball, 56, EV 102.5 MPH)
Bottom of the 2nd over - 0 runs, 0 hits, 0 errors, 1 left on base; Minnesota (NYP) 0 - Idaho Falls 0
TOP OF THE 3RD
Minnesota (NYP) Twins batting - Pitching for Idaho Falls Chukars : RHP Tristan Jones
Batting: SHB Juan Aguilar 0-0: Foul Ball, location: 2F
0-1: Foul Ball, location: 2F
0-2: Foul Ball, location: 2F
0-2: Ball
1-2: Foul Ball, location: 2F
1-2: Strikes out swinging
Batting: LHB Ryuuichi Shintani 0-0: Ball
1-0: Ball
2-0: Called Strike
2-1: Swinging Strike
2-2: Foul Ball, location: 2F
2-2: Foul Ball, location: 2F
2-2: Ball
3-2: Strikes out swinging
Batting: RHB Josh Harmon 0-0: Ball
1-0: Ball
2-0: Ball
3-0: Called Strike
3-1: Swinging Strike
3-2: DOUBLE (Line Drive, 8RXD, EV 106.9 MPH) - OUT at third base trying to stretch hit.
Top of the 3rd over - 0 runs, 1 hit, 0 errors, 0 left on base; Minnesota (NYP) 0 - Idaho Falls 0
BOTTOM OF THE 3RD
Idaho Falls Chukars batting - Pitching for Minnesota (NYP) Twins : RHP Glen Dutton
Batting: LHB Mike Bhatti 0-0: Called Strike
0-1: Swinging Strike
0-2: Ground out 6-3 (Groundball, 6, EV 100.6 MPH)
Batting: RHB Gabe Ochoa 0-0: Ball
1-0: Ball
2-0: Ground out 4-3 (Groundball, 4, EV 101.9 MPH)
Batting: RHB Yi-lin Niu 0-0: Ball
1-0: Swinging Strike
1-1: Called Strike
1-2: Foul Ball, location: 2F
1-2: Foul Ball, location: 2F
1-2: Ground out 5-3 (Groundball, 5, EV 104.4 MPH)
Bottom of the 3rd over - 0 runs, 0 hits, 0 errors, 0 left on base; Minnesota (NYP) 0 - Idaho Falls 0
TOP OF THE 4TH
Minnesota (NYP) Twins batting - Pitching for Idaho Falls Chukars : RHP Tristan Jones
Pitching: LHP Adam Mallow
Batting: RHB Kevin Harris 0-0: Called Strike
0-1: Foul Ball, location: 2F
0-2: Strikes out looking
Batting: LHB Diego Gutierres 0-0: Swinging Strike
0-1: Ball
1-1: Foul Ball, location: 2F
1-2: Ball
2-2: Strikes out swinging
Batting: RHB Sergio Gomez 0-0: Ball
1-0: Called Strike
1-1: Foul Ball, location: 2F
1-2: Ball
2-2: Strikes out looking
Top of the 4th over - 0 runs, 0 hits, 0 errors, 0 left on base; Minnesota (NYP) 0 - Idaho Falls 0
BOTTOM OF THE 4TH
Idaho Falls Chukars batting - Pitching for Minnesota (NYP) Twins : RHP Glen Dutton
Batting: LHB Edgar Ortiz 0-0: Called Strike
0-1: Fly out, F8 (Flyball, 8RM, EV 91.2 MPH)
Batting: RHB Kevin Roseen 0-0: Swinging Strike
0-1: Foul Ball, location: 2F
0-2: Foul Ball, location: 2F
0-2: Strikes out swinging
Batting: RHB Jesus Malave 0-0: Foul Ball, location: 2F
0-1: Foul Ball, location: 2F
0-2: Foul Ball, location: 2F
0-2: Ball
1-2: Fly out, F9 (Flyball, 9D, EV 79.4 MPH)
Bottom of the 4th over - 0 runs, 0 hits, 0 errors, 0 left on base; Minnesota (NYP) 0 - Idaho Falls 0
TOP OF THE 5TH
Minnesota (NYP) Twins batting - Pitching for Idaho Falls Chukars : LHP Adam Mallow
Batting: RHB Dave Berry 0-0: Called Strike
0-1: Swinging Strike
0-2: Ball
1-2: Strikes out swinging
Batting: RHB Antonio Santos 0-0: Called Strike
0-1: Foul Ball, location: 2F
0-2: Strikes out looking
Batting: LHB Ben Roth 0-0: Ball
1-0: Ball
2-0: Called Strike
2-1: Foul Ball, location: 2F
2-2: Strikes out swinging
Top of the 5th over - 0 runs, 0 hits, 0 errors, 0 left on base; Minnesota (NYP) 0 - Idaho Falls 0
BOTTOM OF THE 5TH
Idaho Falls Chukars batting - Pitching for Minnesota (NYP) Twins : RHP Glen Dutton
Batting: RHB Phil Hamby 0-0: Ground out 5-3 (Groundball, 5, EV 83.8 MPH)
Batting: RHB William Lung 0-0: Called Strike
0-1: SINGLE (Groundball, 56D, EV 102.5 MPH)
Batting: RHB Pat McCoy 0-0: Ball
1-0: Fly out, F9 (Flyball, 9D, EV 95.6 MPH)
Batting: LHB Mike Bhatti 0-0: Ball
1-0: Called Strike
1-1: Ball
2-1: Ball
3-1: Base on Balls
William Lung to second
Batting: RHB Gabe Ochoa 0-0: Ball
1-0: TRIPLE (Flyball, 89XD, EV 106.9 MPH)
William Lung scores
Mike Bhatti scores
Batting: RHB Yi-lin Niu 0-0: Called Strike
0-1: Called Strike
0-2: Strikes out swinging
Bottom of the 5th over - 2 runs, 2 hits, 0 errors, 1 left on base; Minnesota (NYP) 0 - Idaho Falls 2
TOP OF THE 6TH
Minnesota (NYP) Twins batting - Pitching for Idaho Falls Chukars : LHP Adam Mallow
Batting: SHB Juan Aguilar 0-0: Foul Ball, location: 2F
0-1: Ball
1-1: Called Strike
1-2: Strikes out swinging
Batting: LHB Ryuuichi Shintani 0-0: Called Strike
0-1: Ball
1-1: Swinging Strike
1-2: Ball
2-2: Strikes out swinging
Batting: RHB Josh Harmon 0-0: Ball
1-0: Called Strike
1-1: Ball
2-1: Called Strike
2-2: Strikes out swinging
Top of the 6th over - 0 runs, 0 hits, 0 errors, 0 left on base; Minnesota (NYP) 0 - Idaho Falls 2
BOTTOM OF THE 6TH
Idaho Falls Chukars batting - Pitching for Minnesota (NYP) Twins : RHP Glen Dutton
Batting: LHB Edgar Ortiz 0-0: Called Strike
0-1: Ball
1-1: Ball
2-1: Swinging Strike
2-2: Strikes out swinging
Batting: RHB Kevin Roseen 0-0: Ball
1-0: Ball
2-0: Foul Ball, location: 2F
2-1: Ball
3-1: Foul Ball, location: 2F
3-2: Fly out, F4 (Popup, 3DF, EV 46.2 MPH)
Pitching: RHP Larry Muttart
Batting: RHB Jesus Malave 0-0: Called Strike
0-1: Ball
1-1: Foul Ball, location: 2F
1-2: Foul Ball, location: 2F
1-2: Ball
2-2: Strikes out looking
Bottom of the 6th over - 0 runs, 0 hits, 0 errors, 0 left on base; Minnesota (NYP) 0 - Idaho Falls 2
TOP OF THE 7TH
Minnesota (NYP) Twins batting - Pitching for Idaho Falls Chukars : LHP Adam Mallow
Batting: RHB Kevin Harris 0-0: Swinging Strike
0-1: Foul Ball, location: 2F
0-2: Strikes out swinging
Batting: LHB Diego Gutierres 0-0: Called Strike
0-1: Swinging Strike
0-2: Ball
1-2: Strikes out swinging
Batting: RHB Sergio Gomez 0-0: Called Strike
0-1: SINGLE (Groundball, 4MD, EV 97.5 MPH)
Pitching: RHP Rich Frontczak
Batting: RHB Dave Berry 0-0: Fly out, F8 (Line Drive, 8RD, EV 110.6 MPH)
Top of the 7th over - 0 runs, 1 hit, 0 errors, 1 left on base; Minnesota (NYP) 0 - Idaho Falls 2
BOTTOM OF THE 7TH
Idaho Falls Chukars batting - Pitching for Minnesota (NYP) Twins : RHP Larry Muttart
Batting: RHB Phil Hamby 0-0: Foul Ball, location: 2F
0-1: Foul Ball, location: 2F
0-2: Ground out 6-3 (Groundball, 6, EV 105.6 MPH)
Batting: RHB William Lung 0-0: Called Strike
0-1: Foul Ball, location: 2F
0-2: Ball
1-2: Ball
2-2: Ground out U3 (Groundball, 3, EV 103.8 MPH)
Batting: RHB Pat McCoy 0-0: Called Strike
0-1: Foul Ball, location: 2F
0-2: SINGLE (Groundball, 6MD, EV 107.5 MPH)
Batting: LHB Mike Bhatti 0-0: Called Strike
Balk!
Pat McCoy to second
0-1: Foul Ball, location: 2F
0-2: Ball
1-2: Foul Ball, location: 2F
1-2: Strikes out swinging
Bottom of the 7th over - 0 runs, 1 hit, 0 errors, 1 left on base; Minnesota (NYP) 0 - Idaho Falls 2
TOP OF THE 8TH
Minnesota (NYP) Twins batting - Pitching for Idaho Falls Chukars : RHP Rich Frontczak
Pinch Hitting: LHB Shaun Price 0-0: Foul Ball, location: 2F
0-1: Swinging Strike
0-2: Strikes out looking
Batting: LHB Ben Roth 0-0: Called Strike
0-1: Ball
1-1: Ball
2-1: Ball
3-1: Called Strike
3-2: Foul Ball, location: 2F
3-2: Base on Balls
Batting: SHB Juan Aguilar 0-0: Called Strike
0-1: Foul Ball, location: 2F
0-2: Strikes out swinging
Batting: LHB Ryuuichi Shintani 0-0: Foul Ball, location: 2F
0-1: Foul Ball, location: 2F
0-2: Foul Ball, location: 2F
0-2: Strikes out swinging
Top of the 8th over - 0 runs, 0 hits, 0 errors, 1 left on base; Minnesota (NYP) 0 - Idaho Falls 2
BOTTOM OF THE 8TH
Idaho Falls Chukars batting - Pitching for Minnesota (NYP) Twins : RHP Larry Muttart
Pitching: LHP Bobby Shaw
Now at 1B: Shaun Price
Now at 2B: Kevin Harris
Now at 3B: Sergio Gomez
Batting: RHB Gabe Ochoa 0-0: Called Strike
0-1: Ball
1-1: Called Strike
1-2: Ball
2-2: Ball
3-2: Foul Ball, location: 2F
3-2: Base on Balls
Batting: RHB Yi-lin Niu 0-0: Bunted foul
0-1: Bunt - Flyout to 13S! F1
Batting: LHB Edgar Ortiz 0-0: Called Strike
0-1: Swinging Strike
0-2: Foul Ball, location: 2F
0-2: Ball
1-2: Fly out, F6 (Popup, 56, EV 73.8 MPH)
Batting: RHB Kevin Roseen 0-0: Called Strike
0-1: Foul Ball, location: 2F
0-2: Ball
Wild Pitch!
Gabe Ochoa to second
1-2: Ball
Wild Pitch!
Gabe Ochoa to third
2-2: Strikes out swinging
Bottom of the 8th over - 0 runs, 0 hits, 0 errors, 1 left on base; Minnesota (NYP) 0 - Idaho Falls 2
TOP OF THE 9TH
Minnesota (NYP) Twins batting - Pitching for Idaho Falls Chukars : RHP Rich Frontczak
Batting: RHB Josh Harmon 0-0: Ball
1-0: Ball
2-0: SINGLE (Groundball, 6MD, EV 94.4 MPH)
Batting: RHB Kevin Harris 0-0: Fielders Choice at 2nd, 3-6 (Groundball, 3S, EV 91.2 MPH)
Batting: LHB Diego Gutierres 0-0: Ball
1-0: Called Strike
1-1: Swinging Strike
1-2: Ball
2-2: Foul Ball, location: 2F
2-2: Strikes out looking
Batting: RHB Sergio Gomez 0-0: Called Strike
0-1: Fielders Choice at 2nd, 5-4 (Groundball, 56, EV 101.2 MPH)
Top of the 9th over - 0 runs, 1 hit, 0 errors, 1 left on base; Minnesota (NYP) 0 - Idaho Falls 2
Tuesday, March 28th , 2023 - OOTP Baseball 23.10 Build 110